 Dungeon Crawl Stone Soup version bcrawl-1.23 (webtiles) character file.

Game seed: 17261604255561178473

32 funkygono the Chiller (level 3, -2/24 HPs)
             Began as a Demonspawn Ice Elementalist on May 21, 2020.
             Slain by an ogre
             ... wielding a +0 giant spiked club
              (26 damage)
             ... on level 2 of the Dungeon.
             The game lasted 00:03:09 (1723 turns).

funkygono the Chiller (Demonspawn Ice Elementalist) Turns: 1723, Time: 00:03:10

Health: -2/24      AC: 10    Str:  8    XL:     3   Next: 8%
Magic:  2/6        EV: 12    Int: 17    God:
Gold:   70         SH:  0    Dex: 13    Spells: 3/6 levels left

rFire    . . .     SeeInvis .   j - +0 club
rCold    . . .     Gourm    .   (no shield)
rNeg     . . .     Faith    .   a - +0 robe
rPois    .         Spirit   .   (helmet restricted)
rElec    .         Reflect  .   n - +1 cloak
rCorr    .         Harm     .   f - +0 pair of gloves
MR       .....                  d - +2 pair of boots
Stlth    ++........             (no amulet)
HPRegen  0.08/turn              (no ring)
MPRegen  0.10/turn              (no ring)

@: no status effects
A: horns 1, thin metallic scales 1
a: no special abilities


You were on level 2 of the Dungeon.
You were not hungry.

You visited 1 branch of the dungeon, and saw 2 of its levels.

You collected 70 gold pieces.

Inventory:

Hand Weapons
 j - a +0 club (weapon)
Armour
 a - a +0 robe (worn)
 d - a +2 pair of boots (worn)
 f - a +0 pair of gloves (worn)
 n - a +1 cloak (worn)
Wands
 c - a wand of iceblast (1)
Scrolls
 h - a scroll of blinking {unknown}
 i - a scroll of remove curse {unknown}
 q - 2 scrolls of identify {unknown}
Potions
 b - a potion of invisibility {unknown}
 g - a potion of cancellation {unknown}
 k - 2 potions of brilliance {unknown}
 l - a potion of might {unknown}
 m - a potion of degeneration {unknown}
 o - 2 potions of haste {unknown}
Comestibles
 e - 2 rations {!d}
 p - 3 chunks of flesh


   Skills:
 + Level 2.1 Dodging
 + Level 2.1 Stealth
 + Level 2.4 Spellcasting
 + Level 1.1 Conjurations
 + Level 3.2 Ice Magic


You had 3 spell levels left.
You knew the following spells:

 Your Spells              Type           Power        Failure   Level  Hunger
a - Freeze                Ice            ##....       4%          1    #......
b - Throw Frost           Conj/Ice       #.....       4%          2    ##.....

Your spell library contained the following spells:

 Spells                   Type           Power        Failure   Level  Hunger
 Ozocubu's Armour         Chrm/Ice       #.......     28%         3    ###....
 Throw Icicle             Conj/Ice       #.......     58%         4    #####..
 Summon Ice Beast         Ice/Summ       #.......     67%         4    #####..


Dungeon Overview and Level Annotations

Branches:
Dungeon (2/12)

Altars:
Lugonu
Okawaru


Innate Abilities, Weirdness & Mutations

You have a pair of small horns on your head.
You are partially covered in thin metallic scales. (AC +2)


Message History

Found 244 sling bullets.
Casting: Throw Frost (safe; 4% risk of failure)
Confirm with . or Enter, or press ? or * to list all spells.
Aiming: Throw Frost (safe; 4% risk of failure)
Press: ? - help, Shift-Dir - straight line, f - ogre
Aim: an ogre, wielding a +0 giant spiked club The puff of frost hits the ogre.
The ogre is lightly wounded.
Casting: Throw Frost (safe; 4% risk of failure)
Confirm with . or Enter, or press ? or * to list all spells.
Aiming: Throw Frost (safe; 4% risk of failure)
Press: ? - help, Shift-Dir - straight line, f/p - ogre
Aim: an ogre, wielding a +0 giant spiked club (lightly wounded)
The puff of frost hits the ogre!
The ogre is moderately wounded.
You hit the ogre.
The ogre is heavily wounded.
The ogre hits you with a +0 giant spiked club!!
Ouch! That really hurt!
You die...

#.# #. #.####.#
#.. #......####
#..####
#.........#
#......
#.....###.###
(...... ........#
#.#.. #......
####....# #.###
..#...O## #....#
#....
.......@#####....#
#####
##.#.............#
#.##.#........#
#### #
#.#...?....# #...
#.#........# #...
#.#........# #...
#.#........# #...
#.#........# #...
#.#........# ####


You could see an ogre.

Vanquished Creatures
  A worm (D:2)
  A dart slug (D:1)
  A leopard gecko (D:2)
  4 bats
  4 giant cockroaches
  3 goblins
  4 hobgoblins
  4 kobolds
  A rat (D:2)
23 creatures vanquished.

Notes
Turn   | Place    | Note
-------+----------+-------------------------------------------
     0 | D:1      | funkygono the Demonspawn Ice Elementalist began the quest
                  | for the Orb.
     0 | D:1      | Reached XP level 1. HP: 13/13 MP: 3/3
   304 | D:1      | Reached skill level 3 in Ice Magic
   317 | D:1      | Gained mutation: You have a pair of small horns on your
                  | head. [demonic ancestry]
   317 | D:1      | Reached XP level 2. HP: 9/19 MP: 0/5
   552 | D:1      | Learned a level 2 spell: Throw Frost
  1390 | D:2      | Found a corrupted altar of Lugonu.
  1507 | D:2      | Found an iron altar of Okawaru.
  1579 | D:2      | Gained mutation: You are partially covered in thin metallic
                  | scales. (AC +2) [demonic ancestry]
  1579 | D:2      | Reached XP level 3. HP: 20/24 MP: 3/6
  1720 | D:2      | Noticed an ogre
  1723 | D:2      | Slain by an ogre

Skill      XL: |  1  2 |
---------------+-------+-----
Ice Magic      | 3 |  3.2
Dodging        | 2 |  2.1
Stealth        | |  2.1
Spellcasting   | |  2.4
Conjurations   | |  1.1

Action                   || total
-------------------------++-------
Melee: Unarmed           ||    21
       Club              ||    24
       Headbutt          ||     6
 Cast: Freeze            ||    25
       Throw Frost       ||    16
  Use: Scroll            ||     3
  Eat: Ration            ||     1
       Chunk             ||     1
Armor: Robe              ||    16
Dodge: Dodged            ||    46
